 Dungeon Crawl Stone Soup version 0.26-a0-259-g1effd001a9 (webtiles) character file.

Game seed: 4914885020356021986

465 drasked the Conjurer (level 6, -3/32 HPs)
             Began as a Deep Elf Hedge Wizard on July 12, 2020.
             Shot with an arrow by a centaur (7 damage)
             ... on level 5 of the Dungeon.
             The game lasted 00:09:14 (5118 turns).

drasked the Conjurer (Deep Elf Hedge Wizard)        Turns: 5118, Time: 00:09:15

Health: -3/32      AC:  5    Str:  7    XL:     6   Next: 80%
Magic:  18/24      EV: 13    Int: 21    God:
Gold:   185        SH:  0    Dex: 14    Spells: 4/15 levels left

rFire    . . .     SeeInvis .   i - +2 dagger (venom)
rCold    . . .     Faith    .   (no shield)
rNeg     . . .     Spirit   .   b - +0 robe
rPois    .         Reflect  .   c - +0 hat
rElec    .         Harm     .   u - +0 cloak
rCorr    +                      v - +0 pair of gloves
MR       .....                  m - +0 pair of boots
Stlth    ++........             (no amulet)
HPRegen  0.10/turn              C - ring of resist corrosion
MPRegen  0.19/turn              o - ring of magical power {MP+9MP+9}

@: no status effects
A: no striking features
a: no special abilities


You were on level 5 of the Dungeon.
You were not hungry.

You visited 1 branch of the dungeon, and saw 5 of its levels.

You collected 185 gold pieces.

Inventory:

Hand Weapons
 i - a +2 dagger of venom (weapon)
   (You took it off a kobold on level 1 of the Dungeon)
Missiles
 q - 30 poisoned darts
 Q - 28 stones (quivered)
Armour
 b - a +0 robe (worn)
 c - a +0 hat (worn)
 m - a +0 pair of boots (worn)
   (You found it on level 2 of the Dungeon)
 u - a +0 cloak (worn)
   (You found it on level 4 of the Dungeon)
 v - a +0 pair of gloves (worn)
   (You found it on level 5 of the Dungeon)
Jewellery
 o - a ring of magical power (right hand) {MP+9MP+9}
   (You found it on level 3 of the Dungeon)
 C - a ring of resist corrosion (left hand)
   (You found it on level 2 of the Dungeon)
Scrolls
 a - a scroll of noise {unknown}
 d - a scroll of enchant weapon {unknown}
 f - 11 scrolls of identify {unknown}
 g - a scroll of teleportation {unknown}
 k - 3 scrolls of blinking {unknown}
 l - 2 scrolls of amnesia {unknown}
 n - a scroll of fear {unknown}
Potions
 h - 2 potions of brilliance {unknown}
 j - a potion of mutation {unknown}
 p - a potion of flight {unknown}
 r - 2 potions of cancellation {unknown}
 s - a potion of lignification {unknown}
 t - a potion of heal wounds {unknown}
Comestibles
 e - 14 rations


   Skills:
 - Level 2.4 Dodging
 - Level 2.4 Stealth
 - Level 5.0 Spellcasting
 * Level 6.5 Conjurations
 - Level 1.1 Summonings
 - Level 1.1 Translocations
 + Level 1.4 Fire Magic
 - Level 2.0 Air Magic
 - Level 2.0 Poison Magic


You had 4 spell levels left.
You knew the following spells:

 Your Spells              Type           Power        Failure   Level
a - Magic Dart            Conj           ####         1%          1
b - Blink                 Tloc           N/A          11%         2
c - Call Imp              Summ           #.......     11%         2
d - Conjure Flame         Conj/Fire      ###.....     6%          3
x - Mephitic Cloud        Conj/Pois/Air  ###.....     8%          3

Your spell library contained the following spells:

 Spells                   Type           Power        Failure   Level
 Slow                     Hex            #.......     16%         2


Dungeon Overview and Level Annotations

Branches:
Dungeon (5/15)
 Temple: D:4-7

Altars:
Fedhas
Kikubaaqudgha
Yredelemnul
The Shining One


Message History

You can't see any susceptible monsters within range! (Use Z to cast anyway.)
You start resting.
You see here a wand of random effects (18).
A worker ant comes into view.
Aim: a worker ant (wandering, hasn't noticed you)
The magic dart hits the worker ant.
The worker ant twitches its antennae in your direction.
Aim: a worker ant (moderately wounded)
The magic dart hits the worker ant.
Aim: a worker ant (heavily wounded)
The magic dart hits the worker ant but does no damage.
Aim: a worker ant (heavily wounded)
The magic dart hits the worker ant.
Aim: a worker ant (severely wounded)
The magic dart hits the worker ant but does no damage.
Aim: a worker ant (severely wounded)
The magic dart hits the worker ant but does no damage.
The worker ant bites you.
Aim: a worker ant (severely wounded)
The magic dart hits the worker ant.
The worker ant bites you.
Aim: a worker ant (almost dead)
The magic dart hits the worker ant.
You kill the worker ant!
You can't see any susceptible monsters within range! (Use Z to cast anyway.)
You start resting.
You start resting.
Found a stone staircase leading down.
An iguana comes into view.
An iguana is nearby!
An iguana is nearby!
Aim: an iguana (wandering, hasn't noticed you)
The magic dart hits the iguana.
The iguana hisses angrily.
You can't see any susceptible monsters within range! (Use Z to cast anyway.)
You can't see any susceptible monsters within range! (Use Z to cast anyway.)
Aim: an iguana (moderately wounded)
The magic dart hits the iguana.
Aim: an iguana (heavily wounded)
The magic dart hits the iguana.
The iguana bites you!
Aim: an iguana (severely wounded)
The magic dart hits the iguana.
The iguana bites you!
* * * LOW HITPOINT WARNING * * *
Aim: an iguana (almost dead)
The magic dart hits the iguana.
You kill the iguana!
You start resting.
You start resting.
An orc comes into view. It is wielding a +0 quarterstaff.
An orc is nearby!
An orc is nearby!
An orc is nearby!
Aim: an orc, wielding a +0 quarterstaff and quivering 21 stones (wandering, hasn't noticed you)
The magic dart hits the orc.
The orc shouts!
You hear a shout!
You can't see any susceptible monsters within range! (Use Z to cast anyway.)
Aim: an orc, wielding a +0 quarterstaff and quivering 21 stones (lightly wounded)
The magic dart hits the orc.
You kill the orc!
You can't see any susceptible monsters within range! (Use Z to cast anyway.)
You start resting.
An orc comes into view. It is wielding a +0 flail.
An orc is nearby!
Aim: an orc, wielding a +0 flail (wandering, hasn't noticed you)
The magic dart hits the orc!
You kill the orc!
An orc priest comes into view. It is wielding a +1 whip of draining.
Aim: an orc priest, wielding a +1 whip of draining and wearing a +0 chain mail (wandering, hasn't noticed you)
The magic dart hits the orc priest but does no damage.
The orc priest shouts!
Aim: an orc priest, wielding a +1 whip of draining and wearing a +0 chain mail The magic dart hits the orc priest.
Aim: an orc priest, wielding a +1 whip of draining and wearing a +0 chain mail (lightly wounded)
The magic dart hits the orc priest.
A centaur comes into view.
Aim: an orc priest, wielding a +1 whip of draining and wearing a +0 chain mail (moderately wounded)
The magic dart hits the orc priest.
The centaur shouts!
You hear a shout!
The orc priest mumbles some strange prayers to Beogh against you.
Pain shoots through your body!
* * * LOW HITPOINT WARNING * * *
An orc comes into view. It is wielding a +0 short sword.
The spell is quite dangerous to cast (8% risk of failure)!
Continue anyway?
Aim: an orc priest, wielding a +1 whip of draining and wearing a +0 chain mail (severely wounded)
The ball explodes into a vile cloud!
The stinking cloud engulfs the orc priest but does no damage.
The orc priest is engulfed in noxious fumes.
The orc priest appears confused.
The centaur is engulfed in noxious fumes.
The orc priest is engulfed in noxious fumes.
The orc priest appears confused.
A worker ant comes into view.
The centaur wields a +0 shortbow.
The centaur shoots an arrow.
The arrow hits you!
* * * LOW HITPOINT WARNING * * *
The orc priest is engulfed in noxious fumes.
You see here an arrow.
Okay, then.
The centaur shoots an arrow.
The arrow closely misses you.
The centaur shoots an arrow.
The arrow hits you!
You die...

#..##.#......#.........
#.....##...#........... ...
#..#............... #.#
#......#........... . # ##..
#.....#####.....##
..##.#..#####..### ##....##
.........####.##.###..####
..... #...##.....>.../#
......#..c...(รท.@....##
.......o##...#####..##
#.###...###.###.###.a##
##..##............#
o................###########
c..........<.................
..............................
o)..........#.#............#..
.............###......##....#


You could see a centaur and a worker ant (wandering).

Levels and vault maps discovered:
D:1:      dpeg_arrival_arbitrary_c, layout_basic, chequers_arboretum
D:2:      layout_basic
D:3:      layout_basic, kiku_gazebo_garden_becter, first_ration,
          grunt_ministairs_13, st_stairs_3, minmay_crystal_room,
          kennysheep_generic_room_12, uniq_terence
D:4:      layout_loops_ring, grunt_temple_overflow_holy_war, fedhas_altar_3
D:5:      layout_cave_pools, lemuel_coloured_pillars_altar,
          gammafunk_temple_overflow_forgotten, regret_index_temple_of_mockery

Notes
Turn   | Place    | Note
-------+----------+-------------------------------------------
     0 | D:1      | drasked the Deep Elf Hedge Wizard began the quest for the
                  | Orb.
     0 | D:1      | Reached XP level 1. HP: 10/10 MP: 7/7
    65 | D:1      | Identified a +0 club
   213 | D:1      | Reached skill level 2 in Conjurations
   336 | D:1      | Reached XP level 2. HP: 15/15 MP: 5/9
   385 | D:1      | Identified a +2 dagger of venom
   391 | D:1      | Identified a +0 club
   572 | D:1      | You fall into a shaft and drop 1 floor!
   621 | D:2      | Identified a +0 club
   621 | D:2      | Identified a +0 hand axe
   621 | D:2      | Identified a +0 flail
   621 | D:2      | Identified a +0 scale mail
   935 | D:1      | Identified a +0 club
   944 | D:1      | Reached skill level 3 in Conjurations
  1226 | D:2      | Reached XP level 3. HP: 19/19 MP: 6/10
  1389 | D:2      | Reached skill level 4 in Conjurations
  1441 | D:2      | Learned a level 2 spell: Blink
  1444 | D:2      | Learned a level 2 spell: Call Imp
  1448 | D:2      | Learned a level 3 spell: Conjure Flame
  2018 | D:2      | Identified a +0 pair of boots (You found it on level 2 of
                  | the Dungeon)
  2065 | D:2      | Reached XP level 4. HP: 24/24 MP: 5/12
  2248 | D:2      | Identified a ring of resist corrosion (You found it on
                  | level 2 of the Dungeon)
  2315 | D:3      | Identified a +0 dagger
  2319 | D:3      | Identified a +0 club
  2325 | D:3      | Identified a +0 dagger
  2435 | D:3      | Identified a cursed +0 hand axe
  2454 | D:3      | Found an ancient bone altar of Kikubaaqudgha.
  2487 | D:3      | Identified a cursed -1 club
  2525 | D:3      | Identified a ring of magical power (You found it on level 3
                  | of the Dungeon)
  2620 | D:3      | Identified a +0 club
  2695 | D:3      | Identified a +0 club
  2699 | D:3      | Reached skill level 5 in Spellcasting
  2759 | D:3      | Learned a level 3 spell: Mephitic Cloud
  2924 | D:3      | Identified a +0 dagger
  2970 | D:3      | Identified a +0 club
  3016 | D:3      | Identified a +0 war axe
  3016 | D:3      | Identified a +0 leather armour
  3021 | D:3      | Identified a +0 club
  3021 | D:3      | Identified a cursed +0 ring mail
  3022 | D:3      | Identified a +0 mace
  3022 | D:3      | Identified a +0 ring mail
  3030 | D:3      | Reached XP level 5. HP: 19/28 MP: 10/14
  3317 | D:3      | Identified a +0 club
  3317 | D:3      | Identified a +0 hunting sling
  3318 | D:3      | Identified a +0 flail
  3318 | D:3      | Identified a +2 ring mail of cold resistance
  3318 | D:3      | Noticed Terence
  3357 | D:3      | Killed Terence
  3357 | D:3      | Reached skill level 5 in Conjurations
  3357 | D:3      | Reached skill level 1 in Poison Magic
  3492 | D:3      | Reached skill level 1 in Air Magic
  3854 | D:4      | Identified a +0 giant spiked club
  3854 | D:4      | Noticed an ogre
  4121 | D:4      | Killed an ogre
  4121 | D:4      | Reached skill level 2 in Poison Magic
  4121 | D:4      | Reached XP level 6. HP: 23/32 MP: 10/15
  4123 | D:4      | Reached skill level 2 in Air Magic
  4289 | D:4      | Found a blossoming altar of Fedhas.
  4408 | D:4      | Reached skill level 6 in Conjurations
  4491 | D:4      | Identified a +0 flail
  4491 | D:4      | Identified a +0 leather armour
  4493 | D:4      | Identified a +0 club
  4493 | D:4      | Identified a +0 ring mail
  4494 | D:4      | Identified a +0 trident
  4494 | D:4      | Identified a +0 leather armour
  4497 | D:4      | Identified a +0 club
  4497 | D:4      | Identified a +0 leather armour
  4777 | D:4      | Found a basalt altar of Yredelemnul.
  4782 | D:4      | Found a glowing golden altar of the Shining One.
  4784 | D:4      | Identified a +2 whip of holy wrath
  4784 | D:4      | Identified a +0 robe
  4784 | D:4      | Noticed an angel
  4812 | D:5      | Entered Level 5 of the Dungeon
  4822 | D:5      | Identified a +0 cloak (You found it on level 4 of the
                  | Dungeon)
  4827 | D:5      | Identified a +0 pair of gloves (You found it on level 5 of
                  | the Dungeon)
  4849 | D:5      | Reached skill level 1 in Fire Magic
  5095 | D:5      | Identified a +0 quarterstaff
  5103 | D:5      | Identified a +0 flail
  5104 | D:5      | Identified a +1 whip of draining
  5104 | D:5      | Identified a +0 chain mail
  5108 | D:5      | Identified a +0 shortbow
  5109 | D:5      | Identified a +0 short sword
  5115 | D:5      | HP: 4/32 [centaur/arrow (9)]
  5118 | D:5      | Shot with an arrow by a centaur

Table legend:
 A = Turns spent in this place as a percentage of turns spent in the entire game.
 B = Non-inter-level travel turns spent in this place as a percentage of non-inter-level travel turns spent in the entire game.
 C = Inter-level travel turns spent in this place as a percentage of turns spent in this place.
 D = Turns resting spent in this place as a percentage of non-inter-level travel turns spent in this place.
 E = Turns spent auto-exploring this place as a percentage of non-inter-level travel turns spent in this place.
 F = Non-inter-level travel turns spent in this place divided by the number of levels of this place that you've seen.
                   A       B       C       D       E      F
               +-------+-------+-------+-------+-------+----------------------
         Total | 100.0 | 100.0 |   2.8 |  41.9 |  46.2 | 995.2
       Dungeon | 100.0 | 100.0 |   2.8 |  41.9 |  46.2 | 995.2
               +-------+-------+-------+-------+-------+----------------------

Table legend:
 A = Kills in this place as a percentage of kills in entire the game.
 B = Kills by you in this place as a percentage of kills by you in the entire game.
 C = Kills by friends in this place as a percentage of kills by friends in the entire game.
 D = Other kills in this place as a percentage of other kills in the entire game.
 E = Experience gained in this place as a percentage of experience gained in the entire game.
 F = Experience gained in this place divided by the number of levels of this place that you have seen.
                   A       B       C       D       E      F
               +-------+-------+-------+-------+-------+----------------------
         Total | 100.0 | 100.0 |   N/A |   N/A | 100.0 | 133.0
       Dungeon | 100.0 | 100.0 |   N/A |   N/A | 100.0 | 133.0
               +-------+-------+-------+-------+-------+----------------------

Skill      XL: |  1  2  3  4  5  6 |
---------------+-------------------+-----
Conjurations   | 2 3 4 5 6 |  6.5
Spellcasting   | 5 |  5.0
Poison Magic   | 2 |  2.0
Air Magic      | 1 2 |  2.0
Fire Magic     | 1 |  1.4
Dodging        | |  2.4
Stealth        | |  2.4
Summonings     | |  1.1
Translocations | |  1.1

Action                   |  1- 3 |  4- 6 || total
-------------------------+-------+-------++-------
Melee: Dagger            |     5 |     2 ||     7
Throw: Stone             |       |     3 ||     3
 Cast: Magic Dart        |    93 |   173 ||   266
       Mephitic Cloud    |       |     5 ||     5
       Blink             |       |     2 ||     2
  Eat: Ration            |     1 |     3 ||     4
Armor: Robe              |     3 |     7 ||    10
Dodge: Dodged            |    20 |    49 ||    69

Vanquished Creatures
  An ogre (D:4)
  2 hounds
  An orc priest (D:3)
  A worker ant (D:5)
  2 iguanas
  Terence (D:3)
  A gnoll (D:1)
  8 adders
  2 ufetubi (D:4)
  2 worms
  2 dart slugs
  2 leopard geckos
  14 orcs
  3 bats (D:2)
  2 giant cockroaches
  7 goblins
  10 hobgoblins
  5 jackals (D:3)
  3 kobolds
  3 quokkas
  A ball python (D:4)
  3 frilled lizards
  A quokka skeleton (D:5)
  10 rats
87 creatures vanquished.
